 Dungeon Crawl Stone Soup version 0.30-a0-632-g346586fe48 (webtiles) character file.

Game seed: 8588287186378997915

0 Leeroy the Grasshopper (level 1, -2/10 HPs)
             Began as a Spriggan Warper on Jan 13, 2023.
             Slain by a kobold
             ... wielding a +0 short sword
              (4 damage)
             ... on level 1 of the Dungeon.
             The game lasted 00:00:17 (34 turns).

Leeroy the Grasshopper (Spriggan Warper)              Turns: 34, Time: 00:00:18

Health: -2/10      AC:  2    Str:  7    XL:     1   Next: 8%
Magic:  5/5        EV: 17    Int: 14    God:
Gold:   12         SH:  0    Dex: 14    Spells: 5/5 levels left

rFire   . . .      SeeInvis +    a - +0 falchion
rCold   . . .      Faith    .    (no shield)
rNeg    . . .      Spirit   .    b - +0 robe
rPois   .          Reflect  .    (helmet restricted)
rElec   .          Harm     .    (no cloak)
rCorr   .          Rampage  .    (gloves unavailable)
Will    .....                    (boots unavailable)
Stlth   +                        (no amulet)
HPRegen 0.21/turn                (no ring)
MPRegen 0.09/turn                (no ring)

@: very quick
A: very small, no large weapons, unfitting armour, see invisible, speed 3
a: no special abilities


You were on level 1 of the Dungeon.
You visited 1 branch of the dungeon, and saw 1 of its levels.

You collected 12 gold pieces.

Inventory:

Hand Weapons
 a - a +0 falchion (weapon)
Missiles
 d - 7 boomerangs of dispersal (quivered)
Armour
 b - a +0 robe (worn)
Scrolls
 c - a scroll of blinking


   Skills:
 + Level 1.6 Fighting
 + Level 1.5 Long Blades
 + Level 1.0 Throwing
 + Level 3.2 Dodging
 + Level 2.6 Spellcasting
 + Level 4.4 Translocations


You had 5 spell levels left.
You didn't know any spells.
Your spell library contained the following spells:

 Spells                   Type           Power      Damage    Failure   Level
 Blink                    Tloc           28%        N/A       5%          2
 Lesser Beckoning         Tloc           28%        N/A       11%         3
 Teleport Other           Tloc           14%        N/A       11%         3
 Vhi's Electric Charge    Tloc/Air       16%        N/A       26%         3
 Manifold Assault         Tloc           14%        N/A       36%         4


Dungeon Overview and Level Annotations

Branches:
Dungeon (1/15)

Altars:


Innate Abilities, Weirdness & Mutations

You are very small and have problems with some larger weapons.
You are too small for most types of armour.
You have supernaturally acute eyesight. (SInv)
You cover ground extremely quickly. (Speed+++)


Message History

Found two stairs.
Your movement speed is very quick.
Your attack delay is about 1.2.
Your damage rating with your +0 falchion is about 9 (Base 8 x 110% (Dex) x 105% (Skill)).
Found 6 stones.
You now have 12 gold pieces.
A ball python comes into view.
Found 11 gold pieces.
A ball python is nearby!
A kobold comes into view.
It is wielding a +1 whip of electrocution.
You see here a scroll labelled QUB OHYHUL.
A dart slug comes into view.
A kobold comes into view. It is wielding a +0 short sword.
The ball python hisses angrily.
Found a chain mail.
The dart slug launches a dart at you. The slug dart misses you.
The kobold shouts! x2
The ball python barely misses you. The ball python closely misses you.
You hit the ball python but do no damage.
The ball python misses you. The ball python completely misses you.
The ball python closely misses you. The ball python misses you.
You barely miss the ball python. The ball python barely misses you.
The ball python closely misses you.
You closely miss the kobold. The ball python completely misses you.
The ball python barely misses you. The kobold misses you.
The ball python bites you. The ball python grabs you.
The ball python constricts you. The kobold closely misses you.
You slash the ball python!
You kill the ball python!
The kobold closely misses you. x2
You hit the kobold.
The kobold is moderately wounded.
The kobold hits you with a +1 whip of electrocution.
The kobold closely misses you.
You hit the kobold.
The kobold is severely wounded.
The kobold hits you with a +1 whip of electrocution.
* * * LOW HITPOINT WARNING * * *
The kobold hits you with a +0 short sword.
You die...

#...... ##........#
#...... ##...=......
##..... #...........
##..$..## #...........
#.......####...........
#....w.................
##....K...#...#.........
.......@...?......(.....
.[....K.....##..#...###.
##..#.#...####.#..#.....
#.........##.....# ##.#
....#.#.......##..# .
..............##.######
.............#...#.<>.#
.................#....#
.........#....#


You could see a dart slug and 2 kobolds.

Vanquished Creatures
  A ball python (D:1)
1 creature vanquished.

Notes
Turn   | Place    | Note
-------+----------+-------------------------------------------
     0 | D:1      | Leeroy the Spriggan Warper began the quest for the Orb.
     0 | D:1      | Reached XP level 1. HP: 10/10 MP: 5/5
    34 | D:1      | Slain by a kobold

Illustrated notes

Levels and vault maps discovered:
D:1:      dpeg_arrival_fog, layout_rooms, serial_glass, glass_columns_a,
          glass_columns_a, hangedman_abyss_or_decor_lesser_grid,
          minmay_shallow_snake_nest

Action                   || total
-------------------------++-------
Melee: Falchion          ||     6
Dodge: Dodged            ||    16

Table legend: (Time is in decaauts)
 A = Elapsed time spent in this place.
 B = Non-inter-level travel time spent in this place.
 C = Inter-level travel time spent in this place.
 D = Time resting spent in this place.
 E = Time spent auto-exploring this place.
 F = Levels seen in this place.
 G = Mean time per level.
                   A        B        C        D        E       F      G
               +--------+--------+--------+--------+--------+-----+--------+
         Total |     24 |     24 |      0 |      0 |     13 |   1 |   24.0 |
       Dungeon |     24 |     24 |      0 |      0 |     13 |   1 |   24.0 |
               +--------+--------+--------+--------+--------+-----+--------+

Top non-repeatable levels by time:
     D:1: 24 daAuts
